 Dungeon Crawl Stone Soup version 0.17-a0-2115-g0d8b93e (webtiles) character file.

435 Arkorax the Chiller (level 7, -13/55 HPs)
             Began as a Naga Ice Elementalist on Oct 20, 2015.
             Mangled by an ogre
             ... wielding a +0 giant club
              (16 damage)
             ... on level 5 of the Dungeon.
             The game lasted 00:16:06 (4826 turns).

Arkorax the Chiller (Naga Ice Elementalist)         Turns: 4826, Time: 00:16:06

Health: -13/55     AC:  4    Str: 10    XL:     7   Next: 0%
Magic:  0/10       EV: 10    Int: 18    God:
Gold:   136        SH:  0    Dex: 11    Spells: 2 memorised, 5 levels left

rFire  . . .     SeeInvis +     p - +0 quarterstaff
rCold  . . .     Clarity  +     a - +0 robe
rNeg   . . .     SustAt   .     (no shield)
rPois  +         Gourm    .     (no helmet)
rElec  .         Spirit   .     (no cloak)
rCorr  .         Warding  .     i - +0 pair of gloves
rMut   .         Stasis   .     (no barding)
MR     .....                    r - amulet of clarity
Stlth  ++........               (no ring)
                                (no ring)

@: very slightly contaminated, very slow, not resistant to hostile enchantments,
unstealthy
A: see invisible, deformed body, poison resistance, slowness 2, slow metabolism
1, spit poison 2, AC +2
a: Spit Poison


You were on level 5 of the Dungeon.
You were not hungry.

You visited 1 branch of the dungeon, and saw 5 of its levels.

You collected 136 gold pieces.

Inventory:

Hand Weapons
 n - a +0 dagger
 p - a +0 quarterstaff (weapon)
Missiles
 B - 2 tomahawks (quivered)
Armour
 a - a +0 robe (worn)
 i - a +0 pair of gloves (worn)
Jewellery
 r - an amulet of clarity (around neck)
Scrolls
 d - a scroll of magic mapping {unknown}
 e - 3 scrolls of identify {unknown}
 f - 3 scrolls of enchant weapon {unknown}
 g - a scroll of fear {unknown}
 h - a scroll of teleportation {unknown}
 k - 2 scrolls of enchant armour {unknown}
 m - 3 scrolls of random uselessness {unknown}
 o - a scroll of recharging {unknown}
 q - a scroll of immolation {unknown}
 t - a scroll of noise {unknown}
 w - a scroll of amnesia {unknown}
 y - a scroll of remove curse {unknown}
Potions
 c - 2 potions of flight {unknown}
 j - a potion of magic {unknown}
 l - 2 potions of ambrosia {unknown}
 s - 2 potions of curing {unknown}
 z - a potion of brilliance {unknown}
 A - a potion of mutation {unknown}
 C - a potion of degeneration {unknown}
Books
 b - a book of Frost

   Spells                             Type                      Level
   a - Freeze                         Ice                          1
   b - Throw Frost                    Conjuration/Ice              2
   c - Ozocubu's Armour               Charms/Ice                   3
   d - Throw Icicle                   Conjuration/Ice              4
   e - Summon Ice Beast               Ice/Summoning                4
   f - Condensation Shield            Ice                          4
Comestibles
 u - a bread ration
 v - a slice of pizza


   Skills:
 - Level 0.2 Fighting
 - Level 0.6 Staves
 - Level 1.5 Dodging
 - Level 3.0 Stealth
 - Level 2.0 Spellcasting
   Level 1.0 Conjurations
 * Level 2.0 Summonings
 + Level 7.2 Ice Magic


You had 5 spell levels left.
You knew the following spells:

 Your Spells              Type           Power        Failure   Level  Hunger
a - Freeze                Ice            ####         1%          1    #......
b - Summon Ice Beast      Ice/Summ       ###.....     28%         4    #####..


Dungeon Overview and Level Annotations

Branches:
Dungeon (5/15)
 Temple: D:4-7

Altars:
Ru


Innate Abilities, Weirdness & Mutations

You cannot wear boots.
Your serpentine skin is tough (AC +2).
You have supernaturally acute eyesight.
Armour fits poorly on your strangely shaped body.
Your system is resistant to poisons.
You cover ground very slowly.
You have a slow metabolism.
You can spit poison.


Message History

You miscast Summon Ice Beast.
You are very lightly contaminated with residual magic.
You shiver with cold.
Casting: Summon Ice Beast
Confirm with . or Enter, or press ? or * to list all spells.
You don't have enough magic to cast that spell.
You see here a trident.
The ogre hits you with a giant club!
Things that are here:
a hand axe; a leather armour The ogre hits you with a giant club!!
* * * LOW HITPOINT WARNING * * *
Things that are here:
a dagger; a robe; an orc corpse The ogre hits you with a giant club!
* * * LOW HITPOINT WARNING * * *
Casting: Summon Ice Beast
Confirm with . or Enter, or press ? or * to list all spells.
A chill wind blows around you. The ogre hits you with a giant club!
You die...

≈≈≈≈≈≈≈≈≈≈≈≈≈≈≈≈≈
.................
.................
.......).........
.##.#####).#####.
#))).##
#.##.######
#.#.O.....# ..
#.##@Y..#.# ...
#.#.......# #.#
#.#.......# #.#
#.#.......# #.#
#...%.#.####..#
#.# # ........#.#
#..###.##.#
O###O...#.#
#.........#
......#.#
#.####.#####
####.###.# #.#
#.....#


You could see an ogre and a friendly ice beast.

Vanquished Creatures
  3 orc wizards
  A hound (D:4)
  2 orc priests (D:4)
  Jessica (D:2)
  A worker ant (D:4)
  2 hound skeletons (D:4)
  5 adders
  4 worms
  4 giant geckos
  9 orcs
  7 goblins
  9 hobgoblins
  4 quokkas
  9 bats
  7 giant cockroaches
  4 giant newts
  4 kobolds (D:2)
  8 rats
84 creatures vanquished.

Vanquished Creatures (collateral kills)
  An ogre (D:5)
  An adder (D:5)
  A worm (D:4)
3 creatures vanquished.

Grand Total: 87 creatures vanquished

Notes
Turn   | Place    | Note
--------------------------------------------------------------
     0 | D:1      | Arkorax the Naga Ice Elementalist began the quest for the Orb.
     0 | D:1      | Reached XP level 1. HP: 15/15 MP: 3/3
   238 | D:1      | Reached XP level 2. HP: 22/22 MP: 1/5
   809 | D:1      | Reached skill level 4 in Ice Magic
  1139 | D:1      | Reached XP level 3. HP: 26/28 MP: 4/6
  1948 | D:2      | Reached XP level 4. HP: 36/36 MP: 4/7
  1995 | D:2      | Learned a level 4 spell: Summon Ice Beast
  2042 | D:2      | Noticed Jessica
  2055 | D:2      | Killed Jessica
  2055 | D:2      | Reached skill level 5 in Ice Magic
  2959 | D:3      | Found a sacrificial altar of Ru.
  2987 | D:3      | Reached XP level 5. HP: 38/42 MP: 1/8
  3537 | D:4      | Reached skill level 6 in Ice Magic
  3827 | D:4      | Reached skill level 1 in Summonings
  3926 | D:4      | Reached XP level 6. HP: 42/49 MP: 4/9
  4561 | D:5      | Entered Level 5 of the Dungeon
  4689 | D:5      | Reached skill level 7 in Ice Magic
  4749 | D:5      | Reached XP level 7. HP: 55/55 MP: 3/10
  4826 | D:5      | Mangled by an ogre

Vault maps used:
D:1:      lightli_arrival_statuegarden, serial_glass, glass_columns_b,
          glass_columns_a
D:2:      serial_glass, glass_columns_a, glass_columns_a, uniq_jessica
D:3:      nicolae_ru_great_annihilating_truth, first_bread
D:4:      kennysheep_opposing_triangles
D:5:      minmay_goblin_kobold_castle, uniq_pikel, uniq_eustachio, uniq_grinder

Action                   |  1- 3 |  4- 6 |  7- 9 || total
-------------------------+-------+-------+-------++-------
Melee: Unarmed           |    29 |       |       ||    29
       Quarterstaff      |       |    59 |       ||    59
 Cast: Freeze            |    59 |    60 |       ||   119
       Summon Ice Beast  |       |     5 |     2 ||     7
 Abil: Spit Poison       |    15 |    19 |       ||    34
 Stab: Distracted        |       |     1 |       ||     1
       Sleeping          |       |     1 |       ||     1
  Eat: Chunk             |     3 |     4 |       ||     7
       Bread ration      |       |     1 |       ||     1
       Meat ration       |       |     1 |       ||     1
